 Dungeon Crawl Stone Soup version 0.17-a0-1582-ge6b0260 (webtiles) character file.

64 Chiseanne the Skirmisher (level 3, -2/30 HPs)
             Began as a Demonspawn Wanderer on July 27, 2015.
             Slain by a hippogriff (5 damage)
             ... on level 2 of the Dungeon.
             The game lasted 00:03:51 (2162 turns).

Chiseanne the Skirmisher (Demonspawn Wanderer)      Turns: 2162, Time: 00:03:51

Health: -2/30      AC:  6    Str: 14    XL:     3   Next: 91%
Magic:  6/6        EV: 11    Int: 13    God:
Gold:   115        SH:  0    Dex: 13    Spells: 0 memorised, 6 levels left

rFire  . . .     SeeInvis .     n - +2 dagger (venom)
rCold  . . .     Clarity  .     k - +0 ring mail
rNeg   . . .     SustAt   .     (no shield)
rPois  .         Gourm    .     (no helmet)
rElec  .         Spirit   .     (no cloak)
rCorr  .         Warding  .     (no gloves)
rMut   .         Stasis   .     (no boots)
MR     .....                    (no amulet)
Stlth  +.........               (no ring)
                                (no ring)

@: not resistant to hostile enchantments, very unstealthy
A: molten scales 1, robust 1, strong 1
a: no special abilities


You were on level 2 of the Dungeon.
You were not hungry.

You visited 1 branch of the dungeon, and saw 3 of its levels.

You collected 115 gold pieces.

Inventory:

Hand weapons
 a - a +2 short sword
 n - a +2 dagger of venom (weapon)
 s - a +0 mace
Missiles
 d - 22 bolts
 g - 14 poisoned needles
 j - 5 arrows of frost
Armour
 k - a +0 ring mail (worn)
Scrolls
 c - a scroll of teleportation
 l - a scroll of fear
 o - a scroll of magic mapping
Potions
 b - a potion of magic
 h - a potion of flight
Comestibles
 e - 4 bread rations
 i - 2 slices of pizza
 p - 2 chunks of flesh


   Skills:
 + Level 2.6 Fighting
 - Level 1.7 Short Blades
 * Level 2.4 Armour
 + Level 1.5 Dodging
 - Level 2.0 Spellcasting
   Level 1.0 Translocations
   Level 2.0 Evocations


You had 6 spell levels left.
You didn't know any spells.

Dungeon Overview and Level Annotations

Branches:
Dungeon (3/15)

Altars:

Annotations:
D:2 Robin


Innate Abilities, Weirdness & Mutations

You are partially covered in molten scales (AC +1).
You are robust (+10% HP).
Your muscles are strong. (Str +2)


Message History

The hippogriff claws you but does no damage.
Robin says, "Bow before me, strongest of all the hobgoblins!"
The goblin hits you with a club.
* * * LOW HITPOINT WARNING * * *
Things that are here:
a dagger; a goblin corpse You barely miss the hippogriff.
The hippogriff is almost dead.
The hippogriff bites you but does no damage.
The hippogriff closely misses you. The hippogriff barely misses you.
You completely miss the goblin. The goblin hits you but does no damage.
The hippogriff bites you.
* * * LOW HITPOINT WARNING * * *
The hippogriff pecks you.
* * * LOW HITPOINT WARNING * * *
The hippogriff barely misses you.
You barely miss the hippogriff.
The hippogriff is almost dead.
The goblin hits you but does no damage. The hippogriff bites you.
You die...

#.#######.#....# #.#####.#
##.....##.#....###.# #.#
##.###.##.#........# #.#
..........'.......>#####.#
...#...##.#....###.......#
...#...##<#....#.........# ####
...#...####....#.#.......# #...
...#....g.g....#g#.......# #.##
####..#####....#@#.......# #.#. #
#..##########H#.......#####.#.
####..[....g...gg)...............
...................###########.##
......#............# #.#
#######.###.#......## #.#
#.#......#.#..# #.#
#.#......#.#..## #.#
#.#......#.#...# #.#


You could see a hippogriff, Robin, a hobgoblin and a goblin.

Vanquished Creatures
  4 adders (D:2)
  A giant gecko (D:2)
  A bat (D:2)
  7 goblins
  4 hobgoblins
  6 kobolds
  A ball python (D:1)
  A giant newt (D:1)
  4 rats
29 creatures vanquished.

Notes
Turn   | Place    | Note
--------------------------------------------------------------
     0 | D:1      | Chiseanne the Demonspawn Wanderer began the quest for the Orb.
     0 | D:1      | Chiseanne set off with: a +2 short sword, the Handbook of the Mountains, a scroll of teleportation, a +0 robe, a bread ration
     0 | D:1      | Reached XP level 1. HP: 16/16 MP: 3/3
     0 | D:1      | Identified the Handbook of the Mountains
   233 | D:1      | Reached skill level 1 in Armour
   297 | D:1      | Gained mutation: You are partially covered in molten scales (AC +1). [demonic ancestry]
   297 | D:1      | Reached XP level 2. HP: 22/22 MP: 5/5
   629 | D:2      | Reached XP level 3. HP: 15/28 MP: 6/6
  1999 | D:3      | Noticed Robin
  2119 | D:3      | Noticed a hippogriff
  2133 | D:2      | Gained mutation: Your muscles are strong. (Str +2) [potion of beneficial mutation]
  2134 | D:2      | Gained mutation: You are robust (+10% HP). [potion of beneficial mutation]
  2162 | D:2      | Slain by a hippogriff

Vault maps used:
D:1:      dpeg_arrival_rooms_with_view
D:2:      first_bread, grunt_ministairs_12
D:3:      uniq_robin

Action                   || total
-------------------------++-------
Melee: Short sword       ||   107
       Dagger            ||     7
  Use: Scroll            ||     4
       Potion            ||     6
  Eat: Chunk             ||     4
